 Dungeon Crawl Stone Soup version 0.23.2-30-g0e89c35649 (webtiles) character file.

Game seed: 10749618346964560203

831 HASTUR3 the Ruffian (level 7, 62/66 HPs)
             Began as a Troll Fighter on June 17, 2019.
             Was a Follower of Kikubaaqudgha.
             Quit the game on level 6 of the Dungeon.
             The game lasted 00:10:22 (3148 turns).

HASTUR3 the Ruffian (Troll Fighter)                 Turns: 3148, Time: 00:10:23

Health: 62/66      AC:  6    Str: 25    XL:     7   Next: 65%
Magic:  6/6        EV:  8    Int:  5    God:    Kikubaaqudgha [*.....]
Gold:   282        SH: 10    Dex: 10    Spells: 1/6 levels left

rFire    . . .     SeeInvis .     - Unarmed
rCold    . . .     Gourm    +   b - +1 shield
rNeg     . . .     Faith    +   a - +0 robe
rPois    .         Spirit   .   (helmet restricted)
rElec    .         Reflect  .   (no cloak)
rCorr    .         Harm     .   (gloves unavailable)
MR       .....                  (boots unavailable)
Stlth    +.........             s - amulet of faith
HPRegen  0.61/turn              (no ring)
MPRegen  0.10/turn              (no ring)

@: no status effects
A: large, unfitting armour, claws 3, fast metabolism 3, gourmand, regeneration
1, shaggy fur 1, tough skin 3
a: Receive Corpses, Renounce Religion


You were on level 6 of the Dungeon.
You worshipped Kikubaaqudgha.
Kikubaaqudgha was aware of your devotion.
You were completely stuffed.

You visited 1 branch of the dungeon, and saw 6 of its levels.

You collected 282 gold pieces.

Inventory:

Armour
 a - a +0 robe (worn)
 b - a +1 shield (worn)
Jewellery
 s - an amulet of faith (around neck)
Wands
 c - a wand of disintegration (11)
 t - a wand of polymorph (9)
Scrolls
 h - 2 scrolls of enchant armour
 i - a scroll of noise {unknown}
 k - 3 scrolls of remove curse
 l - a scroll of blinking {unknown}
 o - 3 scrolls of teleportation {unknown}
 r - 2 scrolls of random uselessness {unknown}
 u - a scroll of fear {unknown}
 w - 2 scrolls of identify
Potions
 e - a potion of magic {unknown}
 f - 2 potions of lignification
 g - a potion of flight {unknown}
 j - 5 potions of curing {unknown}
 m - 2 potions of berserk rage {unknown}
 n - 2 potions of heal wounds {unknown}
 q - a potion of brilliance {unknown}
 v - a potion of ambrosia {unknown}
 x - a potion of cancellation {unknown}
Comestibles
 d - 9 rations
 p - 2 chunks of flesh


   Skills:
 - Level 2.4 Fighting
 - Level 2.4 Dodging
 * Level 3.5 Shields
 + Level 7.7 Unarmed Combat
 * Level 2.2 Necromancy


You had one spell level left.
You knew the following spells:

 Your Spells              Type           Power        Failure   Level  Hunger
a - Sublimation of Blood  Necr           #.........   71%         2    ###....
b - Regeneration          Chrm/Necr      #.........   97%         3    ####...

Your spell library contained the following spells:

 Spells                   Type           Power        Failure   Level  Hunger
 Pain                     Necr           #...         56%         1    ##.....
 Corpse Rot               Necr           N/A          71%         2    ###....


Dungeon Overview and Level Annotations

Branches:
Dungeon (6/15)             Temple (0/1) D:6

Altars:
Kikubaaqudgha

Shops:
D:4 ?


Innate Abilities, Weirdness & Mutations

You are too large for most types of armour.
You have claws for hands.
Your metabolism is lightning-fast.
You like to eat raw meat.
Your natural rate of healing is unusually fast.
You are covered in fur. (AC +1)
You have extremely tough skin. (AC +3)


Message History

You claw Blork the orc!
Blork the orc is heavily wounded.
Blork the orc hits you with a +1 trident of piercing.
You claw Blork the orc!
Blork the orc is almost dead.
A crimson imp comes into view.
The crimson imp shouts!
You claw Blork the orc!
You kill Blork the orc!
Kikubaaqudgha accepts your kill.
Your Necromancy skill increases to level 2!
The crimson imp blinks!
Things that are here:
a +1 trident of piercing; a +0 robe; a wand of flame (26)
You miss the crimson imp. The crimson imp closely misses you.
You claw the crimson imp!
You kill the crimson imp!
Kikubaaqudgha accepts your kill.
No target in view!
Are you sure you want to abandon this character and quit the game? (Confirm with "yes".)

.# ####.####
#.$......
#......
####.....
#).....#+## #
#......#..# .#
#...@..##.##.#
###............#
#.....)......#
#...###......# #
#... #..>...#.#
#.. #........#
#. #.....#..###
#. ##.#<...>...
#.#########


There were no monsters in sight!

Vanquished Creatures
  Eustachio (D:4)
  Blork the orc (D:6)
  A bullfrog (D:6)
  2 scorpions (D:5)
  A howler monkey (D:5)
  A crimson imp (D:6)
  A centaur skeleton (D:2)
  2 hounds (D:4)
  An orc wizard (D:4)
  An iguana (D:4)
  Jessica (D:3)
  Natasha (twice) (D:4)
  3 gnolls (D:3)
  3 adders
  A shadow imp (D:5)
  An ooze (D:3)
  2 worms
  2 dart slugs
  2 leopard geckos
  14 orcs
  A giant cockroach (D:2)
  7 goblins
  8 hobgoblins
  15 jackals
  4 kobolds
  A quokka (D:3)
  2 ball pythons
  3 bats
  6 frilled lizards
  A jackal skeleton (D:4)
  A jackal zombie (D:5)
  A leopard gecko skeleton (D:4)
  9 rats
102 creatures vanquished.

Notes
Turn   | Place    | Note
-------+----------+-------------------------------------------
     0 | D:1      | HASTUR3 the Troll Fighter began the quest for the Orb.
     0 | D:1      | Reached XP level 1. HP: 22/22 MP: 0/0
    97 | D:1      | Reached XP level 2. HP: 29/29 MP: 1/1
   130 | D:1      | Reached skill level 3 in Unarmed Combat
   477 | D:2      | Reached skill level 4 in Unarmed Combat
   477 | D:2      | Reached XP level 3. HP: 23/36 MP: 2/2
  1165 | D:3      | Noticed Jessica
  1167 | D:3      | Reached XP level 4. HP: 42/44 MP: 3/3
  1178 | D:3      | Killed Jessica
  1231 | D:3      | Found an ancient bone altar of Kikubaaqudgha.
  1247 | D:3      | Reached skill level 5 in Unarmed Combat
  1314 | D:3      | Became a worshipper of Kikubaaqudgha
  1333 | D:3      | Reached XP level 5. HP: 46/50 MP: 4/4
  1764 | D:4      | Reached skill level 6 in Unarmed Combat
  1909 | D:4      | Reached XP level 6. HP: 42/59 MP: 5/5
  1958 | D:4      | Reached * piety under Kikubaaqudgha
  1958 | D:4      | Identified Kikubaaqudgha's Papyrus of Unholy Arts
                  | (Kikubaaqudgha gifted it to you on level 4 of the Dungeon)
  1958 | D:4      | Received a gift from Kikubaaqudgha
  2108 | D:4      | Found Didevobro's Magic Scroll Shop.
  2224 | D:4      | Noticed Eustachio
  2229 | D:4      | Killed Eustachio
  2229 | D:4      | Reached skill level 7 in Unarmed Combat
  2250 | D:4      | Learned a level 2 spell: Sublimation of Blood
  2254 | D:4      | Learned a level 3 spell: Regeneration
  2354 | D:4      | Noticed Natasha
  2365 | D:4      | Killed Natasha
  2430 | D:4      | Noticed Natasha
  2435 | D:4      | Killed Natasha
  2554 | D:5      | Entered Level 5 of the Dungeon
  2592 | D:5      | Reached XP level 7. HP: 64/66 MP: 6/6
  2626 | D:5      | Reached skill level 1 in Necromancy
  3124 | D:6      | Found a staircase to the Ecumenical Temple.
  3136 | D:6      | Noticed Blork the orc
  3142 | D:6      | Killed Blork the orc
  3148 | D:6      | Quit the game

Skill      XL: |  1  2  3  4  5  6  7 |
---------------+----------------------+-----
Unarmed Combat | 4 5 6 7 |  7.7
Necromancy     | 2 |  2.2
Shields        | 3 |  3.5
Fighting       | |  2.4
Dodging        | |  2.4

Action                   |  1- 3 |  4- 6 |  7- 9 || total
-------------------------+-------+-------+-------++-------
Melee: Unarmed           |    86 |   177 |    38 ||   301
  Use: Potion            |       |     2 |       ||     2
       Scroll            |       |     3 |       ||     3
  Eat: Chunk             |    13 |    16 |     6 ||    35
Armor: Robe              |    28 |    47 |    10 ||    85
       Skin              |       |     1 |       ||     1
Dodge: Dodged            |    26 |    54 |    10 ||    90
Block: Shield            |    39 |    71 |     7 ||   117
